[Event "*** Titled Tuesday Blitz"]
[Site "Chess.com"]
[Date "2021.02.16"]
[Round "11"]
[White "Iskusnyh"]
[Black "attack2mateU"]
[Result "1-0"]
[WhiteElo "2619"]
[BlackElo "2722"]
[TimeControl "180+1"]
[EndTime "12:09:46 PST"]
[Termination "Iskusnyh won by resignation"]

1. d4 Nf6 2. c4 g6 3. g3 Bg7 4. Bg2 d5 5. cxd5 Nxd5 6. Nf3 Nb6 7.
O-O Nc6 8. e3 e5 9. Nc3 exd4 10.
exd4 O-O 11. Bg5 Qd6 12. Re1 Be6 13. Ne4 Qb4 14. Nc5 Nxd4 15. Nxd4 Bxd4 16. Nxe6 fxe6 17. Qe2 Bxf2+ 18. Kh1 Bxe1 19. Qxe6+ Rf7 20. Rxe1 c6 21. Bh6 Nd5 22. a3 Qc5 23. b4 Qf2 24. Rf1 Nc7 25.
Qc4 Qxf1+ 26. Bxf1 b5 27. Qa2 Nd5 28. Bg2 Re8 29.
Bxd5 cxd5 30. Qxd5 1-0

[Event "*** Titled Tuesday Blitz"]
[Site "Chess.com"]
[Date "2021.02.16"]
[Round "11"]
[White "Klavdia_Nik"]
[Black "Trickster_Pony"]
[Result "1-0"]
[WhiteElo "2048"]
[BlackElo "1517"]
[TimeControl "180+1"]
[EndTime "12:09:46 PST"]
[Termination "Klavdia_Nik won on time"]

1. Nf3 c5 2. b3 g6 3. Bb2 Nf6 4. c4 Bg7 5. g3 O-O 6. Bg2 Nc6 7. O-O d5 8. d3 d4 9. Nbd2 e5 10. b4 cxb4 11. a3 bxa3 12. Bxa3 Re8 13. Ng5 h6 14. Nge4 Nxe4 15. Nxe4 f5 16. Nd6 e4 17.
Nxe8 Qxe8 18. Qb3 b6 19. Bd6 Be6 20. Qb5 Bd7 21. Rfb1 Kh8 22. h4 Ne5 23. Qb3 exd3 24. exd3 Bc6 25. Bxe5 Bxe5 26. Bxc6 Qxc6 27. Qb5 Qc5 28.
Qxc5 bxc5 29. Rb5 f4 30. Kg2 fxg3 31. fxg3 Bd6 32. Ra6 Bf8 33. Rxg6 Re8 34. Rb2 Re3 35. Rd2 Be7 36. Ra6 Kg7 37. Rxa7 Kf6 38. Ra6+ Kf5 39. Rf2+ Kg4 40. Rf4+ 1-0

[Event "*** Titled Tuesday Blitz"]
[Site "Chess.com"]
[Date "2021.02.16"]
[Round "11"]
[White "awesomevishesh"]
[Black "lamomiablanca"]
[Result "0-1"]
[WhiteElo "2474"]
[BlackElo "2316"]
[TimeControl "180+1"]
[EndTime "12:09:48 PST"]
[Termination "lamomiablanca won by checkmate"]

1. b3 e5 2. Bb2 d6 3. e3 f5 4. c4 Nf6 5. Nc3 g6 6. d4 e4 7. h4 Bg7 8. Nh3 c6 9. d5 c5 10. Nf4 Qe7 11. Be2 O-O 12. Qd2 Na6 13. O-O-O Nc7 14. f3 a6 15. fxe4 fxe4 16. h5 g5 17. h6 Bh8 18. Nh5 b5 19. Qc2 bxc4 20. Nxf6+ Bxf6 21. Bxc4 Nb5 22. Rdf1 Bd7 23. Nxe4 Bxb2+ 24. Qxb2 Bf5 25. Nd2 Ra7 26. Rf2 Qxe3 27. Rhf1 Nd4 28.
g4 Re7 29. Qa3 Qc3+ 30. Kd1 Qc2# 0-1

[Event "*** Titled Tuesday Blitz"]
[Site "Chess.com"]
[Date "2021.02.16"]
[Round "11"]
[White "Nuvas"]
[Black "IMRosen"]
[Result "1-0"]
[WhiteElo "2511"]
[BlackElo "2619"]
[TimeControl "180+1"]
[EndTime "12:09:50 PST"]
[Termination "Nuvas won by resignation"]

1. d4 d5 2. c4 e6 3. Nc3 Nf6 4. cxd5 exd5 5. Bg5 c6 6. e3 Bd6 7. Bd3 h6 8. Bh4 O-O 9. Nge2 Re8 10. h3 a5 11. O-O Na6 12. a3 Nc7 13. Qd2 Ne6 14. f3 Ng5 15. Bxg5 hxg5 16. e4 dxe4 17. fxe4 Bf4 18.
Nxf4 Qxd4+ 19. Kh1 gxf4 20. e5 Qxe5 21. Rae1 Qg5 22. Rxe8+ Nxe8 23. Ne4 Qe7 24. Qxf4 Be6 25. Ng5 Qd6 26. Bh7+ Kh8 27. Qh4 Nf6 28. Ne4 Nxe4 29. Bxe4+ Kg8 30. Qh7+ Kf8 31. Qh8+ Ke7 32. Qxa8 Qc7 33.
Rd1 Bc8 34. Qa7 c5 35. Rc1 c4 36. Qd4 b5 37. Qxg7 Be6 38. Qg5+ Kf8 39. Rd1 Ke8 40.
Bc6+ Bd7 41. Rxd7 Qxd7 42. Bxd7+ Kxd7 43. Qxb5+ Ke7 44. Qxc4 Kf8 45. b4 a4 46. b5 Kg7 47.
b6 Kg8 48. b7 Kg7 49. b8=Q 1-0

[Event "*** Titled Tuesday Blitz"]
[Site "Chess.com"]
[Date "2021.02.16"]
[Round "11"]
[White "Unknown_IM"]
[Black "volunteers1998"]
[Result "1-0"]
[WhiteElo "2394"]
[BlackElo "2131"]
[TimeControl "180+1"]
[EndTime "12:09:51 PST"]
[Termination "Unknown_IM won on time"]

1. e4 c5 2. Nf3 Nc6 3. Bb5 d6 4. Bxc6+ bxc6 5. e5 g6 6. O-O Bg7 7. Re1 Be6 8. d3 Nh6 9. exd6 exd6 10. Ng5 O-O 11. Nxe6 fxe6 12. Rxe6 Qh4 13. g3 Qh3 14. Re4 Rf7 15. Rh4 Qf5 16. Rf4 Qd7 17. Rxf7 Nxf7 18. Nc3 Re8 19. Bf4 d5 20. Qd2 Nd6 21. Re1 Rxe1+ 22. Qxe1 Nf5 23. Be5 Nd4 24. Bxd4 Bxd4 25. Kg2 Qf5 26. Nd1 Qf6 27. c3 Be5 28. Ne3 Bd6 29. Ng4 Qe7 30. Qd2 h5 31. Ne3 Kg7 32.
d4 Qe4+ 33. f3 Qb1 34. a3 Kh7 35. b4 cxb4 36. cxb4 Qb3 37. Qc1 Bf8 38. Kf2 Bh6 39. f4 g5 40. Qxc6 gxf4 41. Qd7+ Kg8 42. Qe6+ 1-0

[Event "*** Titled Tuesday Blitz"]
[Site "Chess.com"]
[Date "2021.02.16"]
[Round "11"]
[White "abeljusto"]
[Black "1g60-1"]
[Result "1-0"]
[WhiteElo "2054"]
[BlackElo "2085"]
[TimeControl "180+1"]
[EndTime "12:09:51 PST"]
[Termination "abeljusto won by resignation"]

1. d4 g6 2. Bf4 Bg7 3. Nf3 d6 4. Nc3 a6 5. e4 b5 6. a3 Bb7 7. Bd3 Nd7 8. O-O c5 9. Be3 cxd4 10. Bxd4 Ngf6 11. Qe2 O-O 12. Rad1 Rc8 13. Rfe1 Nc5 14. e5 dxe5 15. Bxe5 Ne6 16. Bxg6 hxg6 17. Rxd8 Rfxd8 18.
h4 Nd5 19. Bxg7 Kxg7 20. Nxd5 Rxd5 21. Rd1 Rdc5 22. c3 Nf4 23. Qe3 Nd5 24. Qe5+ f6 25. Qe6 R8c7 26. Nd4 Bc8 27. Qe2 e5 28. Nb3 Nf4 29.
Qe3 R5c6 30. Na5 Re6 31. g3 Nh5 32. Rd5 Rce7 33. Qd2 f5 34. Rd6 Kf6 35. Rxe6+ Rxe6 36. Qd5 f4 37. Qd8+ 1-0

[Event "*** Titled Tuesday Blitz"]
[Site "Chess.com"]
[Date "2021.02.16"]
[Round "11"]
[White "agartha01"]
[Black "jacky72"]
[Result "0-1"]
[WhiteElo "2487"]
[BlackElo "2697"]
[TimeControl "180+1"]
[EndTime "12:09:53 PST"]
[Termination "jacky72 won by resignation"]

1. d4 Nf6 2. Bf4 g6 3. Nf3 Bg7 4. e3 O-O 5. Nbd2 d6 6. h3 b6 7. c3 Bb7 8. Bd3 Nbd7 9. Bh2 Qe8 10. O-O e5 11. dxe5 dxe5 12. e4 Nc5 13. Bc2 Nfxe4 14.
Nxe4 Nxe4 15. Re1 f5 16. Bxe4 Bxe4 17. Qb3+ Kh8 18. Ng5 Bb7 19. Ne6 f4 20. Nxf8 Qc6 21. f3 Rxf8 22. Kh1 g5 23. Qc2 Qe6 24. Rad1 h5 25. Qb3 Qf5 26. Rd5 g4 27. c4 gxh3 28.
gxh3 Bxd5 29. cxd5 Qxh3 30. Qd3 Qf5 31. Qxf5 Rxf5 32. Bg1 Bf8 33. Rc1 Bd6 34. Bf2 Rg5 35.
Bh4 Rg8 36. a3 Kg7 37. Rg1+ Kf7 38. Rc1 a5 39. Kh2 b5 40. Be1 b4 41. a4 Kf6 42. b3 e4 43. Bh4+ Kf5 0-1

[Event "*** Titled Tuesday Blitz"]
[Site "Chess.com"]
[Date "2021.02.16"]
[Round "11"]
[White "ybruned"]
[Black "NiranjanNavalgund"]
[Result "1-0"]
[WhiteElo "2346"]
[BlackElo "2446"]
[TimeControl "180+1"]
[EndTime "12:09:53 PST"]
[Termination "ybruned won by resignation"]

1. b3 e5 2. Bb2 Nc6 3. e3 Nf6 4.
Bb5 Bd6 5. Bxc6 dxc6 6. Nc3 e4 7. Qe2 Qe7 8. O-O-O a5 9. d3 Bg4 10. f3 exf3 11.
Nxf3 Bd7 12. e4 O-O 13. e5 Nd5 14. exd6 Qxd6 15. Nxd5 cxd5 16. Qe5 Qg6 17. Qg5 a4 18. Qxg6 hxg6 19. Rhe1 a3 20. Bc3 c5 21. Kb1 d4 22. Bd2 b5 23. Re5 Rfc8 24. Re7 Bg4 25. h3 Bxf3 26. gxf3 c4 27. Bb4 cxb3 28. cxb3 Rc6 29.
Rde1 Kh7 30. Rxf7 Rac8 31. Bxa3 Rc2 32. Rfe7 Rf2 33. R7e2 Rxf3 34. Rd1 Rxh3 35. Bb2 Rh4 36. Re4 Rh2 37. Rc1 Rf8 38. Rc2 Rh1+ 39. Bc1 Rd8 40. Ree2 Kg8 41. Rh2 Rd1 42. Rhd2 Rf1 43. Rg2 Rd6 44.
Rcf2 Rd1 45. Rd2 Rf1 46. Rg4 Kf7 47. Rdg2 Rdf6 48. Rxd4 Rd1 49. Rd5 Rff1 50. Rc2 b4 51. Rb5 g5 52. Rxg5 Rxd3 53. Rg4 Kf6 54. Rxb4 g6 55.
Rf4+ Rxf4 56. Bxf4 g5 57. Bxg5+ Kxg5 58. Kb2 Kf5 59. Re2 Kf6 60. a3 Rd4 61. a4 Rb4 62.
Ka3 Rh4 63. a5 Rh1 64. Ka4 Ra1+ 65. Kb5 Kf5 66. b4 1-0

[Event "*** Titled Tuesday Blitz"]
[Site "Chess.com"]
[Date "2021.02.16"]
[Round "11"]
[White "mary-sanna"]
[Black "tylityli"]
[Result "0-1"]
[WhiteElo "2040"]
[BlackElo "2209"]
[TimeControl "180+1"]
[EndTime "12:09:53 PST"]
[Termination "tylityli won on time"]

1. d4 Nf6 2. Bf4 d5 3. e3 c5 4. c3 Nc6 5. Nf3 Qb6 6. Qb3 c4 7. Qxb6 axb6 8. Na3 Ra5 9. Bc7 Nd7 10. Ne5 Ndxe5 11.
dxe5 e6 12. Bxb6 Ra6 13. Bd4 Bxa3 14. bxa3 Rxa3 15. Kd2 b5 16. Be2 b4 17. cxb4 Nxb4 18. Bc5 Ra4 19. a3 Nc6 20. Bd4 O-O 21. Rhb1 f6 22.
exf6 gxf6 23. Bc5 Rd8 24. Bd1 Ra6 25. a4 e5 26. a5 d4 27. exd4 exd4 28. Bb6 Re8 29.
Bf3 c3+ 30. Kd1 Bf5 31. Bxc6 c2+ 32. Kc1 cxb1=Q+ 33. Rxb1 Re1+ 34. Kd2 Rxb1 35. Bb7 Rbxb6 36. axb6 Rxb6 37. Bd5+ Kg7 38. g3 Rb2+ 39. Ke1 Bd3 40. h4 Re2+ 41. Kd1 Rxf2 42. g4 Kg6 43. Bc6 f5 44. Ke1 Re2+ 45. Kd1 fxg4 46. Be8+ Kf6 47.
Bd7 g3 0-1

[Event "*** Titled Tuesday Blitz"]
[Site "Chess.com"]
[Date "2021.02.16"]
[Round "11"]
[White "csati17"]
[Black "JQuiroga18"]
[Result "1-0"]
[WhiteElo "2597"]
[BlackElo "2449"]
[TimeControl "180+1"]
[EndTime "12:09:54 PST"]
[Termination "csati17 won by resignation"]

1. c4 Nf6 2. Nc3 e6 3. e4 d5 4.
cxd5 exd5 5. e5 d4 6. exf6 dxc3 7. Bb5+ c6 8. Qe2+ Be6 9. Bc4 Qd7 10. dxc3 gxf6 11.
Nf3 Be7 12. O-O Bxc4 13. Qxc4 Qe6 14. Qa4 Na6 15. Re1 Qd7 16. Qc4 Nc7 17. Bf4 Nd5 18.
Rad1 Rg8 19. Bg3 Rg4 20. Qb3 Kf8 21. c4 Bd6 22. cxd5 Bxg3 23. hxg3 cxd5 24. Rxd5 Qc6 25. Qd3 Kg7 26. Nh4 Kh8 27. Rd8+ Rxd8 28. Qxd8+ Rg8 29. Qe7 Qd5 30. Qxf6+ 1-0

[Event "*** Titled Tuesday Blitz"]
[Site "Chess.com"]
[Date "2021.02.16"]
[Round "11"]
[White "PavelShkapenko"]
[Black "Anton_Demchenko"]
[Result "1-0"]
[WhiteElo "2720"]
[BlackElo "2879"]
[TimeControl "180+1"]
[EndTime "12:09:55 PST"]
[Termination "PavelShkapenko won on time"]

1. e4 c5 2. c3 Nf6 3. e5 Nd5 4.
d4 cxd4 5. cxd4 d6 6. Nf3 Nc6 7.
Bc4 dxe5 8. Nxe5 e6 9. O-O Be7 10. Nf3 O-O 11. Nc3 Nb6 12. Bb3 Nb4 13. Ne5 Bf6 14.
Qg4 Nc6 15. Nxc6 bxc6 16. Be3 Nd5 17. Ne4 Be7 18. Bh6 Bf6 19. Nxf6+ Qxf6 20. Bd2 a5 21.
Bc2 h6 22. Qe4 Qf5 23. Qxf5 exf5 24. Ba4 Bd7 25. Rac1 Rfb8 26. b3 Ra6 27. Rc5 Nb6 28.
Bxc6 Bxc6 29. Rxc6 a4 30. bxa4 Rxa4 31. Bf4 Rb7 32.
Rb1 Rxa2 33. h4 Nd5 34. Rxb7 Nxf4 35. Rc8+ Kh7 36. Rxf7 Ra1+ 37. Kh2 Ra2 38. Rxf5 Nd3 39. h5 Nxf2 40. Rff8 Ng4+ 41. Kg3 1-0

[Event "*** Titled Tuesday Blitz"]
[Site "Chess.com"]
[Date "2021.02.16"]
[Round "11"]
[White "IsaacWiebe"]
[Black "Grimlock_Glasgow"]
[Result "0-1"]
[WhiteElo "2232"]
[BlackElo "2450"]
[TimeControl "180+1"]
[EndTime "12:09:55 PST"]
[Termination "Grimlock_Glasgow won by checkmate"]

1. a3 e5 2. c4 Nf6 3. Nc3 g6 4. Nf3 Nc6 5. d4 exd4 6. Nxd4 Bg7 7. Nxc6 bxc6 8. g3 O-O 9. Bg2 Rb8 10. O-O Re8 11.
Qa4 a6 12. Rd1 Qe7 13. Rb1 c5 14. Bg5 h6 15. Nd5 Qd8 16. Nxf6+ Bxf6 17. Bxh6 Rxe2 18.
b4 Bd4 19. Rxd4 cxd4 20. Qd1 Qe7 21. Qxd4 Qe5 22. Qh4 Bb7 23. Bxb7 Rxb7 24. Qd8+ Kh7 25. Qf8 Qf6 26. Bf4 Rb6 27. Qc5 Rbe6 28. Qxc7 g5 29. Be3 R6xe3 30. fxe3 Qf2+ 31. Kh1 Qg2# 0-1

[Event "*** Titled Tuesday Blitz"]
[Site "Chess.com"]
[Date "2021.02.16"]
[Round "11"]
[White "NemtsevIgor"]
[Black "Mihnea2017"]
[Result "0-1"]
[WhiteElo "2366"]
[BlackElo "2472"]
[TimeControl "180+1"]
[EndTime "12:09:57 PST"]
[Termination "Mihnea2017 won by checkmate"]

1. d4 Nf6 2. Bf4 e6 3. e3 d5 4. Nd2 Bd6 5. Bg3 b6 6. Ngf3 Bb7 7. Bd3 O-O 8. Ne5 Nbd7 9. f4 Ne4 10.
Qf3 Ndf6 11. Bh4 Nxd2 12. Kxd2 Ne4+ 13. Bxe4 dxe4 14. Qg3 f6 15. Ng4 Kh8 16. Qh3 c5 17. c3 cxd4 18. cxd4 Bxf4 19. exf4 Qxd4+ 20. Ke1 Qxb2 21.
Rd1 Rad8 22. Nf2 Ba6 23. Qe3 Qb4+ 24. Rd2 Rd5 25. Nxe4 Rfd8 26. g4 Qb1+ 27. Kf2 Qxh1 28. Rxd5 Qxh2+ 29. Kf3 Rxd5 30. Bg3 Qh1+ 31. Kf2 Qf1# 0-1

[Event "*** Titled Tuesday Blitz"]
[Site "Chess.com"]
[Date "2021.02.16"]
[Round "11"]
[White "FairChess_on_YouTube"]
[Black "MrTattaglia"]
[Result "1-0"]
[WhiteElo "2933"]
[BlackElo "2760"]
[TimeControl "180+1"]
[EndTime "12:09:58 PST"]
[Termination "FairChess_on_YouTube won by resignation"]

1. e4 c5 2. Nf3 d6 3. h3 Nf6 4.
c3 Nc6 5. Bd3 g6 6. Bc2 Bg7 7.
d4 O-O 8. O-O cxd4 9. cxd4 Nb4 10.
Bb3 Be6 11. Bxe6 fxe6 12. Qb3 Qb6 13. Qxe6+ Kh8 14. Nc3 Nc2 15. Rb1 Nxd4 16. Nxd4 Qxd4 17. Be3 Qb4 18. a3 Qa5 19. Qxe7 d5 20. e5 Ne4 21.
Rfd1 Nxc3 22. bxc3 b6 23. e6 Rae8 24. Qd7 Qxc3 25.
e7 Rg8 26. Qxa7 d4 27. Rbc1 Qb2 28. Bf4 Bf6 29. Bd6 d3 30. Bb4 Bd4 31. Qd7 Qxf2+ 32.
Kh1 Qe3 33. Rc6 Bc5 34. Bc3+ 1-0

[Event "*** Titled Tuesday Blitz"]
[Site "Chess.com"]
[Date "2021.02.16"]
[Round "11"]
[White "novocane"]
[Black "MuhittinBuker"]
[Result "1-0"]
[WhiteElo "2257"]
[BlackElo "2084"]
[TimeControl "180+1"]
[EndTime "12:09:58 PST"]
[Termination "novocane won on time"]

1. d4 Nf6 2. c4 e6 3. Nc3 Bb4 4. e3 O-O 5. Ne2 d5 6. a3 Bxc3+ 7. Nxc3 c5 8. dxc5 a5 9. cxd5 exd5 10. Rb1 Nc6 11. Bd3 d4 12. exd4 Re8+ 13. Be3 Nxd4 14.
O-O Bg4 15. Bxh7+ Kxh7 16. Qxd4 Qc8 17. f3 Bf5 18. Rbd1 Qc6 19. Bg5 Nd7 20. b4 axb4 21. axb4 f6 22. Bf4 Ne5 23. b5 Qe6 24. Bxe5 Qxe5 25.
Qxe5 Rxe5 26. Rd5 Rxd5 27. Nxd5 Bd3 28. Re1 1-0

[Event "*** Titled Tuesday Blitz"]
[Site "Chess.com"]
[Date "2021.02.16"]
[Round "11"]
[White "bascheyaro"]
[Black "PSvidler"]
[Result "0-1"]
[WhiteElo "2729"]
[BlackElo "2915"]
[TimeControl "180+1"]
[EndTime "12:10:00 PST"]
[Termination "PSvidler won by resignation"]

1. d4 Nf6 2. c4 g6 3. Nc3 d5 4.
Bf4 Bg7 5. e3 O-O 6. c5 c6 7.
Nf3 Bg4 8. Qb3 b6 9. Ne5 Be6 10.
Be2 Nfd7 11. cxb6 axb6 12. Nf3 Bg4 13. O-O e6 14. Rac1 Re8 15. a3 Bxf3 16. Bxf3 e5 17.
dxe5 Nxe5 18. Be2 Nbd7 19. Na4 b5 20. Nc5 Nc4 21. Nxd7 Qxd7 22. Rc2 Qe6 23. Rd1 h5 24. h3 Ra4 25. Rb1 Rea8 26. Kh2 Be5 27. Bxe5 Qxe5+ 28. Kg1 R4a6 29. Bxc4 dxc4 30. Qc3 Qxc3 31. Rxc3 Rd8 32. Rc2 Rd3 33. Kf1 Kf8 34. Ke2 Ke7 35. Rd1 Rxd1 36.
Kxd1 Ra7 37. Kd2 Rd7+ 38. Kc3 Rd3+ 39. Kb4 Kd6 40. a4 Rb3+ 41. Ka5 Kc5 42. axb5 cxb5 43. g4 h4 44. Re2 Rd3 45. f4 b4 46. f5 gxf5 47.
gxf5 Rd8 48. Ka6 c3 49. bxc3 bxc3 50. e4 Rd2 51. Re3 c2 52. Rc3+ Kd4 53. Rc7 Kxe4 54. f6 0-1

[Event "*** Titled Tuesday Blitz"]
[Site "Chess.com"]
[Date "2021.02.16"]
[Round "11"]
[White "GadimbayliA"]
[Black "goldihouse"]
[Result "1-0"]
[WhiteElo "2822"]
[BlackElo "2559"]
[TimeControl "180+1"]
[EndTime "12:10:00 PST"]
[Termination "GadimbayliA won on time"]

1. e4 e6 2. d4 d5 3. Nd2 Nc6 4. c3 e5 5. exd5 Qxd5 6. Ngf3 exd4 7. Bc4 Qf5 8. O-O Be6 9. Bxe6 fxe6 10. Nb3 O-O-O 11.
Nbxd4 Nxd4 12. Nxd4 Qg6 13. Qa4 Bc5 14. Be3 Bxd4 15. Bxd4 a6 16. b4 Qd3 17. Rfe1 Nf6 18. Rxe6 Nd5 19. Qb3 Nf4 20. Re3 Qg6 21. g3 Nh3+ 22.
Kg2 Ng5 23. h4 Qc6+ 24. f3 Nxf3 25. Rxf3 Rhf8 26. Rf1 Rf5 27. Qd1 Rdf8 28. Bxg7 R8f7 29. Bd4 Qe4 30. Rf2 b6 31. a4 Kb7 32. a5 b5 33. Qd3 Qd5 34. Bc5 Qc6 35. g4 Rf4 36. Kg3 Rxf3+ 37. Rxf3 Rd7 38. Qf5 Rd5 39. Qf4 Qe6 40.
Re3 Qg6 41. Qf3 Qc6 42. Kh3 h5 43. gxh5 Qd7+ 44. Qg4 Qf7 45. h6 Qf1+ 46. Qg2 Qf5+ 47. Kh2 Qf4+ 48. Kg1 Kc6 49. Re6+ 1-0

[Event "*** Titled Tuesday Blitz"]
[Site "Chess.com"]
[Date "2021.02.16"]
[Round "11"]
[White "canary2016"]
[Black "Nancy11111"]
[Result "0-1"]
[WhiteElo "1956"]
[BlackElo "2356"]
[TimeControl "180+1"]
[EndTime "12:10:03 PST"]
[Termination "Nancy11111 won by checkmate"]

1. d4 f5 2. Nf3 Nf6 3. g3 e6 4.
Bg2 Be7 5. O-O O-O 6. b3 d6 7.
Bb2 Ne4 8. c4 Bf6 9. Nc3 Nxc3 10. Bxc3 Nc6 11. e3 e5 12. dxe5 dxe5 13. Qc2 Qe8 14. Rfd1 a5 15. Nd2 Kh8 16. Rac1 Qh5 17. Nf3 Be6 18. Rd2 Rae8 19. Rcd1 f4 20. exf4 Bg4 21.
fxe5 Be7 22. Rd3 Bxf3 23. Bxf3 Rxf3 24. Bb2 Nb4 25. Qc3 Nxd3 26. Rxd3 Rxd3 27. Qxd3 Rd8 28. Qc3 Qd1+ 29. Kg2 Qd2 30. e6 Qxc3 31. Bxc3 a4 32. bxa4 Rd3 33. Be5 c6 34. Bf4 Ra3 35. h3 Kg8 36. Be5 Rxa4 37. Bf4 Rxa2 38. h4 b5 39. Be3 bxc4 40. Bf4 c3 41. Be3 c2 42. Kh3 Ra1 43. Kg2 c1=Q 44. Bxc1 Rxc1 45. Kh2 Rc5 46. Kg2 Rd5 47.
Kh2 c5 48. Kg2 c4 49. Kh2 c3 50. Kg2 c2 51. Kh2 c1=Q 52. Kg2 Qc6 53. Kh2 Rd6 54.
Kh3 Rxe6 55. Kg4 Re2 56. Kh3 Qh1+ 57. Kg4 Rxf2 58. h5 Qf3+ 59. Kh3 Qxh5# 0-1

[Event "*** Titled Tuesday Blitz"]
[Site "Chess.com"]
[Date "2021.02.16"]
[Round "11"]
[White "shaheus"]
[Black "SilviusTiberius"]
[Result "1-0"]
[WhiteElo "2437"]
[BlackElo "2560"]
[TimeControl "180+1"]
[EndTime "12:10:04 PST"]
[Termination "shaheus won by resignation"]

1. e4 e5 2. Nf3 Nc6 3. Bc4 Bc5 4.
c3 Nf6 5. d4 exd4 6. cxd4 Bb4+ 7. Nc3 Nxe4 8. O-O Bxc3 9. bxc3 d5 10. Bd3 O-O 11. Qc2 Bf5 12. Rb1 Rb8 13. c4 Bg4 14.
cxd5 Bxf3 15. dxc6 Ng5 16. Qc5 Bd5 17. Rxb7 Rxb7 18.
cxb7 c6 19. Bxg5 Qxg5 20. Be4 Qf4 21. Bxd5 cxd5 22. Rb1 Re8 23. g3 Qe4 24. Rc1 h5 25. Qc8 Kh7 26. b8=Q Re6 27. Qf4 Qd3 28. Qc2 Re1+ 29.
Kg2 Rg1+ 30. Kxg1 1-0

[Event "*** Titled Tuesday Blitz"]
[Site "Chess.com"]
[Date "2021.02.16"]
[Round "11"]
[White "northridgehawk"]
[Black "Azde"]
[Result "1-0"]
[WhiteElo "2352"]
[BlackElo "2421"]
[TimeControl "180+1"]
[EndTime "12:10:04 PST"]
[Termination "northridgehawk won on time"]

1. e4 c6 2. d3 d5 3. Nd2 e5 4. g3 Bd6 5. Bg2 Ne7 6. Ngf3 O-O 7. O-O f5 8. exf5 Bxf5 9. Re1 Nd7 10. h3 h6 11. Nf1 Qc7 12. Be3 Rae8 13. Qd2 d4 14. Bxh6 gxh6 15. Qxh6 Rf6 16. Qh4 Ng6 17. Qg5 Ref8 18.
N1d2 Kg7 19. Nh4 Nc5 20. Ne4 Bxe4 21. Rxe4 Nxe4 22. Bxe4 Qf7 23. g4 Be7 24. Bxg6 Rxg6 25. Nf5+ Qxf5 26. Qxe7+ Qf7 27. Qxe5+ Kg8 28. Qxd4 Qf3 29.
Qe3 Qxe3 30. fxe3 Kg7 31. Re1 Rgf6 32. Re2 Kg6 33. Kg2 Kg5 34. e4 Kh4 35. e5 Re6 36.
d4 Rd8 37. c3 c5 38. Re4 cxd4 39.
cxd4 Rd5 40. Rf4 Kg5 41. Re4 Rc6 42. Kg3 1-0

[Event "*** Titled Tuesday Blitz"]
[Site "Chess.com"]
[Date "2021.02.16"]
[Round "11"]
[White "ckgchess"]
[Black "Sadykov_Ramil"]
[Result "1-0"]
[WhiteElo "2765"]
[BlackElo "2587"]
[TimeControl "180+1"]
[EndTime "12:10:05 PST"]
[Termination "ckgchess won on time"]

1. e4 c5 2. c3 Nf6 3. e5 Nd5 4. d4 cxd4 5. Qxd4 e6 6. Nf3 Nc6 7. Qe4 d6 8. Nbd2 dxe5 9. Nxe5 Nxe5 10. Qxe5 Qd6 11. Bb5+ Bd7 12. Bxd7+ Qxd7 13. O-O Nf6 14.
Nc4 Be7 15. Qg3 Qc6 16. Ne5 Qe4 17. Nf3 O-O 18. Re1 Qg6 19. Qc7 Nd5 20. Qxb7 Bc5 21. Qb5 Rfc8 22. Qe2 a5 23. c4 Nb4 24. Ne5 Qf5 25.
a3 Nc6 26. Nd3 Nd4 27. Qd1 a4 28. Re5 Qf6 29. Rxc5 Nb3 30. Rxc8+ Rxc8 31. Rb1 Rd8 32. Be3 Qf5 33. Qc2 Rxd3 34. Rd1 1-0

[Event "*** Titled Tuesday Blitz"]
[Site "Chess.com"]
[Date "2021.02.16"]
[Round "11"]
[White "sergeikim"]
[Black "Taktikmonster"]
[Result "0-1"]
[WhiteElo "2521"]
[BlackElo "2383"]
[TimeControl "180+1"]
[EndTime "12:10:06 PST"]
[Termination "Taktikmonster won by checkmate"]

1. d4 Nf6 2. c4 e6 3. Nc3 Bb4 4. Qc2 O-O 5. a3 Bxc3+ 6. Qxc3 b6 7. Nf3 Bb7 8. g3 d5 9. Bg2 dxc4 10. Qxc4 Nbd7 11. O-O c5 12. Rd1 Rc8 13. Bg5 h6 14. Bxf6 Qxf6 15. Rac1 Bxf3 16. Bxf3 cxd4 17. Qxc8 Rxc8 18.
Rxc8+ Kh7 19. Rc7 Ne5 20. Be4+ g6 21. Rxa7 Ng4 22. Bf3 Ne5 23. Be4 Nc4 24. b4 Nd6 25. Bg2 e5 26. Bd5 e4 27. Rc1 e3 28. f4 d3 29.
exd3 Qb2 30. Rf1 e2 31. Re1 Qd4+ 32. Kg2 Qxd5+ 33. Kf2 Qxd3 34. Rxe2 Ne4+ 35. Ke1 Qb1# 0-1

[Event "*** Titled Tuesday Blitz"]
[Site "Chess.com"]
[Date "2021.02.16"]
[Round "11"]
[White "krzyzan94"]
[Black "Atco84"]
[Result "1-0"]
[WhiteElo "2728"]
[BlackElo "2441"]
[TimeControl "180+1"]
[EndTime "12:10:09 PST"]
[Termination "krzyzan94 won by resignation"]

1. c4 e5 2. g3 Nf6 3. Bg2 h6 4. Nc3 Bb4 5. Nd5 Nxd5 6. cxd5 O-O 7. Nf3 d6 8. O-O c5 9. a3 Ba5 10. Rb1 Nd7 11. b4 Bb6 12. d3 cxb4 13. axb4 f5 14.
d4 e4 15. Nd2 Nf6 16. Qb3 Bxd4 17. Nc4 Bb6 18. Bb2 Bc7 19. Rfd1 Bd7 20. Rbc1 Rc8 21. Ne3 Bb8 22. Nc2 Qe7 23. Nd4 Rxc1 24. Rxc1 Rc8 25.
Rd1 Kf7 26. Bh3 g6 27. Bf1 Bc7 28. e3 Ng4 29. Ne6 Bb6 30. Bc4 a6 31. h3 Nf6 32.
Ba1 Bb5 33. Bxb5 axb5 34. Qb2 Rc4 35. Nf4 g5 36. Ne6 Nxd5 37. Rxd5 Kxe6 38. Rxb5 Rc6 39. Qa2+ Kd7 40. Rxf5 g4 41. Rf7 1-0

[Event "*** Titled Tuesday Blitz"]
[Site "Chess.com"]
[Date "2021.02.16"]
[Round "11"]
[White "Hikaru"]
[Black "bocah_sakit"]
[Result "0-1"]
[WhiteElo "3173"]
[BlackElo "2867"]
[TimeControl "180+1"]
[EndTime "12:10:10 PST"]
[Termination "bocah_sakit won by resignation"]

1. e4 c5 2. Nf3 Nc6 3. Bb5 g6 4. Bxc6 bxc6 5. O-O Bg7 6. d3 Nh6 7. c4 f5 8. Nc3 O-O 9. Re1 d6 10. e5 Nf7 11. Bf4 Rb8 12. Rb1 g5 13. Nxg5 Nxg5 14.
Bxg5 Bxe5 15. f4 Bf6 16. Qh5 e6 17. Kh1 Bxg5 18. fxg5 Qe8 19. Qf3 e5 20. b3 Bd7 21.
Qf2 Qg6 22. Qh4 Kh8 23. Re3 Rg8 24. Rh3 f4 25. Rf3 Qxg5 26. Qxg5 Rxg5 27. Ne4 Rg6 28. g3 Rf8 29. gxf4 Rxf4 30. Rxf4 exf4 31. Rg1 Bf5 32.
Nf2 Rxg1+ 33. Kxg1 Kg7 34. Kg2 Kf6 35. Kf3 Ke5 36.
a3 a5 37. a4 h5 38. h4 Be6 39. d4+ Kxd4 40. Kxf4 Kc3 41. Ne4+ Kxb3 42. Nxd6 Kxa4 43. Ke5 Bg4 44. Ke4 Kb4 45. Kd3 a4 46. Kc2 Be6 47.
Kb2 Bxc4 48. Ne4 Bb3 49. Ng3 Bf7 50. Ne4 a3+ 51. Ka1 c4 52. Nf2 Bg6 53. Ka2 c3 0-1

[Event "*** Titled Tuesday Blitz"]
[Site "Chess.com"]
[Date "2021.02.16"]
[Round "11"]
[White "VFernandezB"]
[Black "QuintilianoR"]
[Result "0-1"]
[WhiteElo "2458"]
[BlackElo "2704"]
[TimeControl "180+1"]
[EndTime "12:10:12 PST"]
[Termination "QuintilianoR won by resignation"]

1. e3 d5 2. Nf3 Nf6 3. c4 e6 4.
b3 Be7 5. Bb2 b6 6. Be2 O-O 7.
O-O Bb7 8. Nc3 c5 9. cxd5 exd5 10. d4 Nbd7 11. Rc1 Rc8 12. Qc2 Bd6 13. Rfd1 Qe7 14. Qf5 Qe6 15. Qxe6 fxe6 16. Na4 Bc6 17. Nc3 Rfe8 18.
Ba6 Rcd8 19. Bb5 Bb7 20. Bf1 e5 21. dxe5 Nxe5 22. Nxe5 Bxe5 23. Na4 Bxb2 24. Nxb2 Bc6 25. Nd3 d4 26. exd4 Rxd4 27. Nb2 Red8 28. Rxd4 Rxd4 29. Rd1 Rxd1 30. Nxd1 b5 31. f3 Kf7 32. Kf2 Ke6 33. Ke3 Ke5 34. Nb2 Nd5+ 35. Kf2 Kd4 36. Nd1 c4 37. bxc4 bxc4 38. Ke1 c3 39. Nf2 Nb4 40.
a4 Bxa4 41. Ne4 Bc6 42. Ng5 Bd5 43. Kd1 Bb3+ 44. Kc1 Na2+ 45. Kb1 c2+ 46. Kb2 c1=Q+ 47. Kxb3 Qxf1 0-1

[Event "*** Titled Tuesday Blitz"]
[Site "Chess.com"]
[Date "2021.02.16"]
[Round "11"]
[White "Shahaliyev"]
[Black "KeithArkell"]
[Result "1-0"]
[WhiteElo "2670"]
[BlackElo "2528"]
[TimeControl "180+1"]
[EndTime "12:10:12 PST"]
[Termination "Shahaliyev won on time"]

1. d4 e6 2. e4 d5 3. Nd2 dxe4 4. Nxe4 Bd7 5. Nc3 Nf6 6. Be2 Bc6 7. Nf3 Nbd7 8. O-O Bxf3 9. Bxf3 c6 10. b3 Be7 11.
Bb2 O-O 12. Qe2 Qa5 13. a3 Rfe8 14. b4 Qc7 15. Na4 a5 16. Nc5 Bd6 17. g3 b6 18. Nd3 axb4 19. axb4 b5 20. Bg2 Nb6 21. Ne5 Nbd5 22. c4 Rxa1 23. Rxa1 Nxb4 24. cxb5 cxb5 25. Qxb5 Rb8 26. Qe2 Nbd5 27. Rc1 Qb6 28. Bxd5 exd5 29.
Rc6 Qxb2 30. Qxb2 Rxb2 31. Rxd6 Rb8 32. g4 h6 33. h4 Ne4 34. Rxd5 Rb1+ 35. Kg2 Rb2 36.
Rd8+ Kh7 37. Kf3 Nxf2 38. Nxf7 Nd1 39. Ne5 1-0